 Dungeon Sprint DCSS version 0.21.0-24-g2553a33 (webtiles) character file.

1519 wojtek the Cleaver (level 8, 0/81 HPs)
             Began as a Minotaur Berserker on Jan 20, 2018.
             Was a High Priest of Trog.
             Slain by a two-headed ogre
             ... wielding a +0 giant spiked club
              (15 damage)
             ... in the Dungeon (Sprint III: "The Ten Rune Challenge").
             The game lasted 00:03:05 (1606 turns).

wojtek the Cleaver (Minotaur Berserker)             Turns: 1606, Time: 00:03:06

Health: 0/81       AC:  2    Str: 24    XL:     8   Next: 54%
Magic:  7/7        EV: 16    Int:  4    God:    Trog [*****.]
Gold:   17         SH:  0    Dex: 10    Spells: 7/7 levels left

rFire    . . .     SeeInvis .   u - +1 executioner's axe (flame)
rCold    . . .     Gourm    .   (shield currently unavailable)
rNeg     . . .     Faith    .   b - +0 animal skin
rPois    .         Spirit   .   (helmet restricted)
rElec    .         Reflect  .   (no cloak)
rCorr    .         Harm     .   (no gloves)
MR       .....     NoTele   +   (no boots)
Stlth    +.........             (no amulet)
HPRegen  0.23/turn              (no ring)
MPRegen  0.10/turn              (no ring)

@: no status effects
A: retaliatory headbutt, horns 2
a: Berserk, Trog's Hand, Brothers in Arms, Burn Spellbooks, Renounce Religion


You were in the Dungeon.
You worshipped Trog.
Trog was extremely pleased with you.
You were not hungry.

You visited 1 branch You collected 17 gold pieces.

Inventory:

Hand Weapons
 a - a +0 hand axe
 l - a +2 battleaxe of chopping
 u - a +1 executioner's axe of flaming (weapon)
Armour
 b - a +0 animal skin (worn)
Wands
 k - a wand of flame (16)
 t - a wand of paralysis (10)
Scrolls
 i - a scroll of blinking
 m - 2 scrolls of holy word {unknown}
 n - a scroll of fear {unknown}
 o - a scroll of remove curse {unknown}
 q - 2 scrolls of identify
 r - a scroll of enchant weapon {unknown}
Potions
 d - a potion of curing
 e - 2 potions of heal wounds
 f - a potion of haste
 g - 2 potions of magic
 h - a potion of berserk rage
 j - 7 potions of mutation
 p - 2 potions of flight
 s - a potion of brilliance {unknown}
Miscellaneous
 v - a lamp of fire
Comestibles
 c - 2 rations
 w - 8 chunks of flesh


   Skills:
 + Level 10.8 Fighting
 * Level 14.3 Axes
 + Level 10.5 Armour
 + Level 9.7 Dodging


You had 7 spell levels left.
You didn't know any spells.

Dungeon Overview and Level Annotations

Branches:
Dungeon (1/1)

Altars:
Cheibriados
Dithmenos
Elyvilon
Fedhas
Gozag
Hepliaklqana
Kikubaaqudgha
Makhleb
Nemelex Xobeh
Okawaru
Qazlal
Ru
Sif Muna
Trog
Uskayaw
Vehumet
Wu Jian
Xom
Yredelemnul
Zin
The Shining One
Beogh
Jiyva
Lugonu


Innate Abilities, Weirdness & Mutations

You reflexively headbutt those who attack you in melee.
You have a pair of horns on your head.


Message History

a giant club; a giant spiked club; a giant club; a giant spiked club a two-headed ogre skeleton A two-headed ogre comes into view.
It is wielding a giant spiked club and a giant club.
The two-headed ogre shouts in stereo!
The two-headed ogre hits you with a giant spiked club!
The two-headed ogre misses you.
You barely miss the two-headed ogre.
The two-headed ogre hits you with a giant spiked club!!
The two-headed ogre misses you.
You barely miss the two-headed ogre. You headbutt the two-headed ogre.
The two-headed ogre is lightly wounded.
The two-headed ogre hits you with a giant spiked club!!
* * * LOW HITPOINT WARNING * * *
The two-headed ogre hits you but does no damage.
You barely miss the two-headed ogre.
The two-headed ogre is lightly wounded.
The two-headed ogre barely misses you. You furiously retaliate!
You headbutt the two-headed ogre, but do no damage.
The two-headed ogre hits you with a giant club!
You die...

__.#._# )###)##
......# ......#
#####'#
__#...#+###########
__#...#....#.#.#..
__#...##.#..#.##O#
__#..))##.#.#.##@#
__'...#...#..#..##
▓▓▓▓▓▓▓▓▓▓▓▓▓▓▓▓▓


You could see a two-headed ogre.

Vanquished Creatures
  A deep elf mage (D)
  A shadow (D)
  A spatial vortex (D)
  A necrophage (D)
  3 two-headed ogres (D)
  A water elemental (D)
  A jelly (D)
  A wizard (D)
  Jessica (D)
  A necromancer (D)
  3 humans (D)
  A kobold demonologist (D)
  A wolf (D)
  2 oozes (D)
19 creatures vanquished.

Vanquished Creatures (others)
  2 draconian scorchers (D)
  A yaktaur (D)
  6 hellions (D)
9 creatures vanquished.

Grand Total: 28 creatures vanquished

Notes
Turn   | Place    | Note
-------+----------+-------------------------------------------
     0 | D        | wojtek the Minotaur Berserker began the quest for the Orb.
     0 | D        | Reached XP level 1. HP: 19/19 MP: 0/0
     4 | D        | Reached skill level 4 in Axes
     7 | D        | Reached XP level 2. HP: 20/27 MP: 1/1
    71 | D        | Noticed Jessica
    74 | D        | Killed Jessica
    74 | D        | Reached ** piety under Trog
    74 | D        | Reached skill level 5 in Fighting
    74 | D        | Reached skill level 6 in Axes
    74 | D        | Reached XP level 3. HP: 11/36 MP: 2/2
    85 | D        | Killed a yaktaur
   133 | D        | Killed a hellion
   134 | D        | Killed a hellion
   134 | D        | Killed a hellion
   135 | D        | Killed a hellion
   139 | D        | Killed a hellion
   154 | D        | Killed a hellion
   183 | D        | Killed a white draconian scorcher
   218 | D        | Killed a white draconian scorcher
   324 | D        | Reached XP level 4. HP: 31/42 MP: 3/3
   400 | D        | Noticed a water elemental
   403 | D        | Killed a water elemental
   403 | D        | Reached *** piety under Trog
   403 | D        | Reached skill level 8 in Axes
   403 | D        | Reached skill level 5 in Armour
   403 | D        | Reached skill level 5 in Dodging
   435 | D        | Found a radiant altar of Vehumet.
   435 | D        | Found a deep blue altar of Sif Muna.
   435 | D        | Found an ancient bone altar of Kikubaaqudgha.
   435 | D        | Noticed a wizard
   439 | D        | Killed a wizard
   439 | D        | Reached XP level 5. HP: 51/51 MP: 4/4
   442 | D        | Reached **** piety under Trog
   442 | D        | Reached skill level 9 in Axes
   488 | D        | Found a glowing silver altar of Zin.
   489 | D        | Found a glowing golden altar of the Shining One.
   489 | D        | Found a white marble altar of Elyvilon.
   489 | D        | Noticed a deep elf mage
   499 | D        | Killed a deep elf mage
   499 | D        | Reached ***** piety under Trog
   499 | D        | Reached skill level 12 in Axes
   499 | D        | Reached XP level 6. HP: 5/63 MP: 5/5
   499 | D        | Reached XP level 7. HP: 6/70 MP: 6/6
   803 | D        | Found a hide-covered altar of Uskayaw.
   803 | D        | Found an iron altar of Okawaru.
   804 | D        | Found a roughly hewn altar of Beogh.
   804 | D        | Found a bloodstained altar of Trog.
   804 | D        | Found an ornate altar of the Wu Jian Council.
   804 | D        | Noticed a human
   804 | D        | Noticed a human
   807 | D        | Received a gift from Trog
   810 | D        | Killed a human
   820 | D        | Killed a human
   820 | D        | Reached skill level 13 in Axes
   930 | D        | Found a basalt altar of Yredelemnul.
   930 | D        | Found a shadowy altar of Dithmenos.
   930 | D        | Found a sacrificial altar of Ru.
   935 | D        | Reached skill level 10 in Fighting
   936 | D        | Received a gift from Trog
  1001 | D        | Noticed a shadow
  1005 | D        | Reached XP level 8. HP: 39/79 MP: 7/7
  1005 | D        | Reached skill level 10 in Armour
  1193 | D        | Found a blossoming altar of Fedhas.
  1193 | D        | Found a stormy altar of Qazlal.
  1194 | D        | Found a snail-covered altar of Cheibriados.
  1194 | D        | Found a burning altar of Makhleb.
  1194 | D        | Found a hazy altar of Hepliaklqana.
  1194 | D        | Found a shimmering altar of Xom.
  1194 | D        | Found an opulent altar of Gozag.
  1194 | D        | Found a sparkling altar of Nemelex Xobeh.
  1194 | D        | Found a corrupted altar of Lugonu.
  1194 | D        | Found a viscous altar of Jiyva.
  1442 | D        | Reached skill level 14 in Axes
  1602 | D        | Noticed a two-headed ogre
  1606 | D        | Slain by a two-headed ogre

Skill      XL: |  1  2  3  4  5  6  7  8 |
---------------+-------------------------+-----
Fighting       | 4 5 6 9 10 | 10.8
Axes           | 4 6 8 12 13 14 | 14.3
Armour         | 3 4 6 8 9 10 | 10.5
Dodging        | 3 4 5 8 9 |  9.7

Action                   |  1- 3 |  4- 6 |  7- 9 || total
-------------------------+-------+-------+-------++-------
Melee: Hand axe          |    15 |     9 |     3 ||    27
       Headbutt          |     8 |     1 |     3 ||    12
       Battleaxe         |       |       |     6 ||     6
       Executioner's axe |       |       |    18 ||    18
Invok: Berserk           |       |     2 |     2 ||     4
       Burn Spellbooks   |       |     1 |     1 ||     2
  Eat: Chunk             |       |     1 |       ||     1
       Ration            |       |       |     2 ||     2
Armor: Animal skin       |     1 |       |     1 ||     2
Dodge: Dodged            |     4 |     1 |    13 ||    18
